 Dungeon Crawl Stone Soup version 0.25-a0-413-g3b4b6a4ccc (webtiles) character file.

Game seed: 11797303325242248077, levelgen mode: deterministic

0 MrRokkomies the Ducker (level 1, -11/11 HPs)
             Began as a Spriggan Abyssal Knight on Jan 16, 2020.
             Was a Follower of Lugonu.
             Killed from afar by a wretched star (20 damage)
             ... with a lance of force
             ... on level 1 of the Abyss.
             The game lasted 00:00:51 (100 turns).

MrRokkomies the Ducker (Spriggan Abyssal Knight)     Turns: 100, Time: 00:00:52

Health: -11/11     AC:  2    Str:  8    XL:     1   Next: 0%
Magic:  3/3        EV: 18    Int: 13    God:    Lugonu [*.....]
Gold:   0          SH:  0    Dex: 15    Spells: 0/0 levels left

rFire    x . .     SeeInvis +   a - +1 short sword
rCold    + . .     Gourm    .   (shield restricted)
rNeg     . . .     Faith    .   b - +0 robe
rPois    .         Spirit   .   (helmet restricted)
rElec    .         Reflect  .   (no cloak)
rCorr    .         Harm     .   (gloves unavailable)
MR       .....                  (boots unavailable)
Stlth    +.........             (no amulet)
HPRegen  0.03/turn              e - ring of ice
MPRegen  0.08/turn              f - ring of see invisible

@: very quick
A: very small, unfitting armour, see invisible, herbivore, speed 3, slow
metabolism 2
a: Depart the Abyss, Renounce Religion


You were on level 1 of the Abyss.
You worshipped Lugonu.
Lugonu was aware of your devotion.
You were not hungry.

You visited 0 branches of the dungeon, and saw 0 of its levels.
You visited the Abyss 1 time.

Inventory:

Hand Weapons
 a - a +1 short sword (weapon)
Missiles
 d - 19 poisoned darts (quivered)
Armour
 b - a +0 robe (worn)
Jewellery
 e - a ring of ice (left hand)
 f - a ring of see invisible (right hand)
Comestibles
 c - a ration


   Skills:
 + Level 2.4 Fighting
 + Level 2.1 Short Blades
 + Level 3.5 Dodging
 + Level 1.7 Invocations


You couldn't memorise any spells.
You didn't know any spells.
Your spell library was empty.

Dungeon Overview and Level Annotations

Branches:
Dungeon (0/15)

Altars:


Innate Abilities, Weirdness & Mutations

You are very small and have problems with some larger weapons.
You are too small for most types of armour.
You have supernaturally acute eyesight. (SInv)
You are a herbivore.
You cover ground extremely quickly.
You need to consume almost no food.


Message History

A starspawn tentacle comes into view.
A starspawn tentacle comes into view.
Found a ration.
You see here a glowing hand axe.
The starspawn tentacle grabs you. The starspawn tentacle constricts you.
You escape the starspawn tentacle's grasp.
Found a glowing iron ring.
f - a glowing iron ring A wretched star comes into view.
The wretched star glows turbulently.
The lance of force misses you.
You feel more attuned to ice.
e - a ring of ice (left hand)
f - a ring of see invisible (right hand)
The wretched star glows turbulently.
The lance of force misses you.
The wretched star glows turbulently.
The lance of force hits you!!
Ouch! That really hurt!
You die...

.. ..#.....# ....#
. ................
...................
......... .........
# ## .##.#..####..
# # # ..##.#.# ..#
#####*..# ..#
##.#.## . .
#@#.....# #.
#.#####.#.# ## #..
#.# #.. #.


You could see a wretched star.

Vanquished Creatures (others)
  2 starspawn tentacles (Abyss:1)
2 creatures vanquished.

Notes
Turn   | Place    | Note
-------+----------+-------------------------------------------
     0 | Abyss:1  | MrRokkomies the Spriggan Abyssal Knight began the quest for
                  | the Orb.
     0 | Abyss:1  | Reached XP level 1. HP: 11/11 MP: 3/3
     3 | Abyss:1  | Found a corrupted altar of Lugonu.
    30 | Abyss:1  | Noticed an ancient zyme
    41 | Abyss:1  | Noticed a shadow
    45 | Abyss:1  | Noticed a small abomination
    61 | Abyss:1  | Noticed a large abomination
    66 | Abyss:1  | Noticed a tentacled starspawn
    71 | Abyss:1  | Noticed a smoke demon
    94 | Abyss:1  | Noticed a wretched star
   100 | Abyss:1  | Killed from afar by a wretched star

Levels and vault maps discovered:
Abyss:1:  minivault_11, hangedman_abyss_stitches_cave

Action                   || total
-------------------------++-------
Dodge: Dodged            ||     2

Table legend:
 A = Non-vault XP
 B = Vault XP
 C = Vault XP percentage of total XP
 D = Non-vault monster count
 E = Vault monster count
 F = Vault count percentage of total count
                 A         B        C        D         E       F
            +---------+---------+-------+---------+---------+-------
      Total |       0 |       0 |   N/A |       0 |       0 |  -nan
            +---------+---------+-------+---------+---------+-------
            +---------+---------+-------+---------+---------+-------
